 Dungeon Crawl Stone Soup version 0.30-a0-187-gd9c2deaf24 (webtiles) character file.

Game seed: 3879175978650392353

44 Sweetruy1997 the Trooper (level 3, -2/29 HPs)
             Began as a Demonspawn Chaos Knight on Oct 4, 2022.
             Was a Plaything of Xom.
             Slain by a worm (11 damage)
             ... on level 2 of the Dungeon.
             The game lasted 00:01:53 (889 turns).

Sweetruy1997 the Trooper (Demonspawn Chaos Knight)   Turns: 889, Time: 00:01:54

Health: -2/29      AC:  6    Str: 10 (12) XL:     3   Next: 39%
Magic:  3/3        EV: 11    Int: 11 (13) God:    Xom [..*...]
Gold:   61         SH:  0    Dex: 13 (14) Spells: 2/2 levels left

rFire   . . .      SeeInvis .    a - +0 hand axe (chaos)
rCold   . . .      Faith    .    (no shield)
rNeg    . . .      Spirit   .    b - +2 leather armour
rPois   .          Reflect  .    (no helmet)
rElec   .          Harm     .    (no cloak)
rCorr   .          Rampage  .    i - +0 pair of gloves
Will    .....                    (no boots)
Stlth   +.........               (no amulet)
HPRegen 0.24/turn                (no ring)
MPRegen 0.08/turn                (no ring)

@: no status effects
A: demonic guardian 1
a: Renounce Religion


You were on level 2 of the Dungeon.
You worshipped Xom.
You were a toy of Xom.
You visited 1 branch of the dungeon, and saw 2 of its levels.

You collected 61 gold pieces.

Inventory:

Hand Weapons
 a - a +0 hand axe of chaos (weapon)
Armour
 b - a +2 leather armour (worn)
 i - a +0 pair of gloves (worn)
Scrolls
 d - a scroll of amnesia {unknown}
 g - a scroll of teleportation {unknown}
Potions
 e - a potion of resistance {unknown}
 f - a potion of heal wounds {unknown}
 h - a potion of degeneration
Miscellaneous
 c - a piece from Xom's chessboard (9/15) (quivered)


   Skills:
 + Level 3.5 Fighting
 + Level 3.3 Axes
 - Level 2.0 Armour
 - Level 1.0 Dodging
 + Level 0.7 Stealth
 + Level 0.3 Evocations


You had 2 spell levels left.
You didn't know any spells.
Your spell library was empty.

Dungeon Overview and Level Annotations

Branches:
Dungeon (2/15)

Altars:


Innate Abilities, Weirdness & Mutations

A weak demonic guardian rushes to your aid.


Message History

You kill the giant cockroach!
No target in view!
A hobgoblin comes into view. It is wielding a +0 short sword.
The hobgoblin shouts!
A hobgoblin is nearby!
Found a stone staircase leading up.
The hobgoblin hits you with a +0 short sword.
You barely miss the hobgoblin.
The hobgoblin hits you with a +0 short sword.
You barely miss the hobgoblin.
The hobgoblin hits you but does no damage.
You hit the hobgoblin but do no damage.
The hobgoblin is poisoned.
The hobgoblin hits you with a +0 short sword.
You slash the hobgoblin!
You kill the hobgoblin!
Your piece from Xom's chessboard (10/15) has regained one charge.
No target in view!
A worm comes into view.
You make a move on Xom's chessboard...
The worm seems to grow stronger.
Found a scroll labelled PAWNAMYECI.
Items here: ( ) [ †.
The worm bites you!
Ouch! That really hurt!
* * * LOW HITPOINT WARNING * * *
A demonic guardian appears!
You are too injured to fight recklessly!
You are too injured to fight recklessly!
You are too injured to fight recklessly!
You hit the worm.
The worm seems to slow down.
The worm is lightly wounded.
Your shadow imp hits the worm.
The worm bites you but does no damage.
You hit the worm. You freeze the worm.
The worm is heavily wounded.
The worm is no longer moving slowly.
Your shadow imp barely misses the worm.
It was a potion of degeneration.
There was something very wrong with that liquid.
You feel weakened.
You feel dopey.
You feel clumsy.
Your shadow imp hits the worm.
The worm bites you!
You die... "What!?
That's it?"

....... .##### .......#
...... .w# ........<
...... #.#
#.......####...... .".
.................. #.#
#.....#............
.....# #.#.!....5.....
##.#.##.##......@w......
#.....#......)..........
##.#.######.........?...
#.......# #....###......
##.#.##.###.........###.
#.....#.......##....#
##.#.#####....# .....
#.....# #..†.# .....
##.#.## #....# ...


You could see a worm (strong, ally target) and a friendly shadow imp (summoned).

Vanquished Creatures
  An adder (D:2)
  5 endoplasms (D:1)
  2 giant cockroaches
  A goblin (D:2)
  3 hobgoblins
  4 kobolds
  A quokka (D:2)
  2 ball pythons (D:1)
  2 frilled lizards
  2 rats (D:1)
23 creatures vanquished.

Vanquished Creatures (collateral kills)
  An adder (D:2)
1 creature vanquished.

Vanquished Creatures (others)
  A fungus (D:1)
  A plant (D:1)
2 creatures vanquished.

Grand Total: 26 creatures vanquished

Notes
Turn   | Place    | Note
-------+----------+-------------------------------------------
     0 | D:1      | Sweetruy1997 the Demonspawn Chaos Knight began the quest
                  | for the Orb.
     0 | D:1      | Reached XP level 1. HP: 18/18 MP: 1/1
    33 | D:1      | Reached skill level 1 in Dodging
   158 | D:1      | Gained mutation: A weak demonic guardian rushes to your
                  | aid. [demonic ancestry]
   158 | D:1      | Reached XP level 2. HP: 21/24 MP: 2/2
   317 | D:1      | Found a faded altar of an unknown god.
   447 | D:1      | XOM: silly message
   717 | D:2      | Reached XP level 3. HP: 19/29 MP: 3/3
   889 | D:2      | Slain by a worm

Illustrated notes

Levels and vault maps discovered:
D:1:      saegor_arrival_simple_a, layout_loops_ring,
          shapermc_ecumenical_altar_mp_urbaneastern
D:2:      layout_basic, basic_altar, st_stairs_13

Skill      XL: |  1  2 |
---------------+-------+-----
Dodging        | 1 |  1.0
Armour         | 2 |  2.0
Axes           | 3 |  3.3
Fighting       | |  3.5
Stealth        | |  0.7
Evocations     | |  0.3

Action                   || total
-------------------------++-------
Melee: Hand axe          ||    66
       Punch             ||     1
Evoke: Piece from Xom's  ||     9
  Use: Potion            ||     1
 Stab: Petrified         ||     2
       Sleeping          ||     1
Armor: Leather armour    ||    18
Dodge: Dodged            ||    22

Table legend: (Time is in decaauts)
 A = Elapsed time spent in this place.
 B = Non-inter-level travel time spent in this place.
 C = Inter-level travel time spent in this place.
 D = Time resting spent in this place.
 E = Time spent auto-exploring this place.
 F = Levels seen in this place.
 G = Mean time per level.
                   A        B        C        D        E       F      G
               +--------+--------+--------+--------+--------+-----+--------+
         Total |    899 |    877 |     22 |     33 |    661 |   2 |  449.5 |
       Dungeon |    899 |    877 |     22 |     33 |    661 |   2 |  449.5 |
               +--------+--------+--------+--------+--------+-----+--------+

Top non-repeatable levels by time:
     D:1: 700 daAuts
     D:2: 198 daAuts
